 Dungeon Crawl Stone Soup version 0.17-a0-1301-ga863c44 (webtiles) character file.

82271 wotan the Brawler (level 15, -18/126 HPs)
             Began as a Ghoul Monk on June 6, 2015.
             Was the Champion of Makhleb.
             Demolished by an orc warlord
             ... wielding a +2 great sword of electrocution
              (29 damage)
             ... on level 2 of the Orcish Mines on June 7, 2015.
             The game lasted 03:22:11 (28801 turns).

wotan the Brawler (Ghoul Monk)                     Turns: 28801, Time: 03:22:11

Health: -18/126    AC: 16    Str: 19    XL:     15   Next: 73%
Magic:  22/22      EV: 15    Int:  5    God:    Makhleb [******]
Gold:   1511       SH:  0    Dex: 14    Spells: 2 memorised, 7 levels left

rFire  + . .     SeeInvis .       - Unarmed
rCold  + . .     Clarity  .     Q - +2 ring mail {rC+}
rNeg   + + +     SustAt   .     (no shield)
rPois  ∞         Gourm    .     u - +0 helmet
rElec  .         Spirit   .     P - +2 cloak
rCorr  .         Warding  .     (no gloves)
rMut   .         Stasis   .     E - +0 pair of boots
MR     ++...                    a - necklace of Bloodlust {*Rage +Rage MR+ Str+2 Int-2 Slay+3 *Curse}
Stlth  ++........               L - +3 ring of evasion
                                M - ring of fire

@: rotting, studying Ice Magic, very resistant to hostile enchantments,
unstealthy
A: rotting body, claws 1, carnivore 3, cold resistance 1, negative energy
resistance 3, slow healing 1, torment resistance, unbreathing
a: Minor Destruction, Lesser Servant of Makhleb, Major Destruction, Greater
Servant of Makhleb, Renounce Religion


You were on level 2 of the Orcish Mines.
You worshipped Makhleb.
Makhleb was exalted by your worship.
You were not hungry.

You visited 4 branches of the dungeon, and saw 23 of its levels.
You also visited: Sewer and Ice Cave.

You collected 1817 gold pieces.
You spent 306 gold pieces at shops.

Inventory:

Hand weapons
 q - a +2 shortbow of velocity
Missiles
 A - 19 poisoned arrows
Armour
 c - a +2 ice dragon armour
 u - a +0 helmet (worn)
 E - a +0 pair of boots (worn)
 P - a +2 cloak (worn)
 Q - a +2 ring mail of cold resistance (worn)
Jewellery
 a - the necklace of Bloodlust (around neck) {*Rage +Rage MR+ Str+2 Int-2 Slay+3 *Curse}
   (You took it off a spriggan on level 8 of the Lair of Beasts)

   [amulet of rage]

   It affects your strength (+2).
   It affects your intelligence (-2).
   It affects your accuracy and damage with ranged weapons and melee attacks
   (+3).
   It affects your resistance to hostile enchantments.
   It lets you go berserk.
   It may make you go berserk in combat.
   It may re-curse itself when equipped.
 D - the ring of the Mage {Wiz MR++ Int+3}
   (You found it on level 1 of the Lair of Beasts)

   [ring of wizardry]

   It improves your spell success rate.
   It affects your intelligence (+3).
   It affects your resistance to hostile enchantments.
 H - an uncursed amulet of stasis
 L - a +3 ring of evasion (right claw)
 M - a ring of fire (left claw)
Magical devices
 o - a wand of slowing (41)
 w - a wand of lightning (4)
 C - a wand of fire (4)
 G - a wand of disintegration (14)
 I - a wand of enslavement (16)
 N - a wand of digging (0)
 S - a wand of paralysis (16)
 V - a wand of flame (10)
 W - a wand of cold (0)
 X - a wand of frost (4)
 Y - a wand of magic darts (33)
Scrolls
 g - 11 scrolls of remove curse
 h - 4 scrolls of fog
 k - a scroll of enchant armour
 n - 2 scrolls of identify
 s - 5 scrolls of recharging
 x - 3 scrolls of magic mapping
 B - 2 scrolls of summoning
 F - 5 scrolls of fear
 K - 5 scrolls of teleportation
 Z - 2 scrolls of blinking
Potions
 d - a potion of invisibility
 e - 3 potions of resistance
 j - 3 potions of brilliance
 l - 5 potions of agility
 m - 8 potions of curing
 v - 2 potions of flight
 R - a potion of might
Books
 f - a book of Air

   Spells                             Type                      Level
   a - Shock                          Conjuration/Air              1
   b - Swiftness                      Charms/Air                   2
   c - Repel Missiles                 Charms/Air                   2
   d - Static Discharge               Conjuration/Air              3
   e - Lightning Bolt                 Conjuration/Air              5
 y - a book of Envenomations

   Spells                             Type                      Level
   a - Spider Form                    Transmutation/Poison         3
   b - Alistair's Intoxication        Transmutation/Poison         4
   c - Olgreb's Toxic Radiance        Poison                       4
   d - Poisonous Cloud                Conjuration/Poison/Air       6
 z - a book of Conjurations

   Spells                             Type                      Level
   a - Magic Dart                     Conjuration                  1
   b - Searing Ray                    Conjuration                  2
   c - Dazzling Spray                 Conjuration/Hexes            3
   d - Fulminant Prism                Conjuration/Hexes            4
   e - Iskenderun's Mystic Blast      Conjuration                  4
   f - Iskenderun's Battlesphere      Conjuration/Charms           5
 O - a book of Fire

   Spells                             Type                      Level
   a - Ignite Poison                  Fire/Transmutation/Poison    3
   b - Fireball                       Conjuration/Fire             5
   c - Bolt of Fire                   Conjuration/Fire             6
   d - Delayed Fireball               Conjuration/Fire             7
   e - Ring of Flames                 Charms/Fire                  7
 T - a manual of Ice Magic
 U - a manual of Ice Magic
Miscellaneous
 J - a sack of spiders
Comestibles
 b - 10 meat rations
 i - 3 royal jellies
 p - 11 slices of pizza
 r - 4 beef jerkies
 t - 4 chunks of flesh


   Skills:
 - Level 10.0 Fighting
 - Level 3.1 Bows
 - Level 13.1 Armour
 - Level 2.9 Dodging
 - Level 2.1 Stealth
 + Level 18.3 Unarmed Combat
 - Level 5.4 Summonings
 - Level 5.0 Ice Magic
 - Level 11.5 Invocations


You had 7 spell levels left.
You knew the following spells:

 Your Spells              Type           Power        Failure   Level  Hunger
a - Summon Ice Beast      Ice/Summ       #.......     88%         4    #####..
b - Summon Guardian Gole  Hex/Summ       #.......     82%         3    ####...


Dungeon Overview and Level Annotations

Branches:
Dungeon (12/15)            Temple (1/1) D:4            Lair (8/8) D:11
 Shoals (0/4) Lair:4       Spider (0/4) Lair:6        Slime (0/6) Lair:7
    Orc (2/4) D:9

Altars:
Ashenzari
Cheibriados
Dithmenos
Elyvilon
Fedhas
Gozag
Kikubaaqudgha
Makhleb
Nemelex Xobeh
Okawaru
Qazlal
Ru
Sif Muna
Trog
Vehumet
Xom
Yredelemnul
Zin
The Shining One
Beogh
Jiyva

Shops:
D:4 [?%   D:9 }?[(   Orc:1 *

Annotations:
Lair:4 Rupert
Lair:8 exclusion: oklob plant


Innate Abilities, Weirdness & Mutations

Your body is rotting away.
You thrive on raw meat.
You are immune to poison.
You have sharp fingernails.
You are carnivorous and can eat meat at any time.
Your flesh is cold resistant.
You are immune to negative energy.
You heal slowly when monsters are visible.
You are immune to unholy pain and torment.
You can survive without breathing.


Message History

You claw the orc warlord, but do no damage.
The orc warlord is heavily wounded.
The orc closely misses you.
You scratch the orc warlord.
The orc warlord is severely wounded.
The orc warlord hits you with an uncursed great sword of electrocution!!
The orc hits you but does no damage.
You scratch the orc warlord but do no damage.
The orc warlord is severely wounded.
You scratch the orc warlord.
The orc warlord is severely wounded.
The orc misses you.
The orc warlord hits you with an uncursed great sword of electrocution!!
* * * LOW HITPOINT WARNING * * *
You are electrocuted!
* * * LOW HITPOINT WARNING * * *
Drink which item? (? for menu, Esc to quit)
You feel better. The orc hits you but does no damage.
The orc warlord hits you with an uncursed great sword of electrocution!!
You die...

#### ### ####
#.##.#.##.##.#.#
........... ...
..........##.#
..........#..##
..............#
.........)....##.##
........()[.......#
......o@..)...##.##
..$...o.......#
........#..#...#
..........#....#
...........#....#
..$.....#.####.##
........### ##
.#.......


You could see an orc warlord (bleeding) and an orc (frenzied).

Vanquished Creatures
  Frances (D:12)
  Maud (D:11)
  Azrael (D:12)
  Snorg (D:12)
  An ice dragon (Lair:5)
  Fannar (D:11)
  11 hydras
  Erolcha (D:9)
  A catoblepas (Lair:4)
  12 death yaks
  Nergalle (D:11)
  An ice statue (IceCv)
  Pikel (D:5)
  A necromancer (IceCv)
  4 hill giants
  2 manticores
  A griffon (Lair:4)
  2 orc sorcerers
  2 ugly things
  The ghost of Oddysee the Sneak, an experienced OpAs of Dithmenos (D:6)
  4 black mambas
  Maurice (D:11)
  3 elephants (Lair:8)
  A centaur zombie (D:9)
  12 spiny frogs
  Psyche (D:12)
  3 gargoyles
  2 kobold demonologists (D:11)
  3 fire drakes
  10 freezing wraiths (IceCv)
  A spriggan druid (Lair:8)
  9 komodo dragons
  3 trolls
  4 polar bears (Lair:8)
  A wolf spider simulacrum (IceCv)
  Prince Ribbit (D:8)
  A two-headed ogre (D:10)
  10 slime creatures
  9 blink frogs
  2 boulder beetles
  A trapdoor spider zombie (D:5)
  3 redbacks
  53 yaks
  9 spriggans (Lair:8)
  A steam dragon (D:7)
  4 fire elementals (D:12)
  35 wolves
  A basilisk (Lair:6)
  3 wargs
  11 hippogriffs
  A deep elf fighter (D:11)
  2 hungry ghosts
  An alligator simulacrum (IceCv)
  4 porcupines
  3 hell hounds (D:12)
  10 black bears
  10 ice beasts
  14 water moccasins
  3 phantoms
  6 wasps
  2 sky beasts
  A slave (D:5)
  7 centaurs
  14 orc warriors
  7 ogres
  23 crocodiles
  6 big kobolds
  Blork the orc (D:4)
  17 giant frogs
  2 scorpions
  A wyvern skeleton (D:11)
  4 killer bees (D:12)
  3 electric eels
  A quasit (D:8)
  6 crimson imps
  2 giant frog zombies
  A gnoll shaman (D:6)
  3 centaur skeletons
  17 orc priests
  A giant frog skeleton (D:10)
  2 jellies
  25 orc wizards
  6 worker ants
  Jessica (D:3)
  4 draconian simulacra (IceCv)
  5 hounds
  8 iguanas
  Natasha (thrice) (D:2)
  A wolf simulacrum (IceCv)
  A spriggan simulacrum (IceCv)
  A polar bear simulacrum (IceCv)
  A killer bee zombie (D:8)
  32 sheep
  2 centaur simulacra (IceCv)
  4 troll simulacra (IceCv)
  A hound zombie (D:8)
  2 hound skeletons
  A worker ant zombie (D:10)
  Robin (D:2)
  20 adders
  17 gnolls
  3 ogre simulacra (IceCv)
  77 river rats
  A shadow imp (D:5)
  5 naga simulacra (IceCv)
  15 white imps
  3 oozes
  2 worms
  101 orcs
  2 ball pythons (D:6)
  A bat skeleton (D:5)
  2 bat zombies
  7 giant cockroaches
  24 goblins
  27 hobgoblins
  17 bats
  A giant cockroach zombie (D:7)
  7 giant geckos
  3 giant newts
  13 jackals
  A jackal skeleton (D:5)
  27 kobolds
  5 quokkas
  35 rats
  A spectral orc (D:3)
  A butterfly (Lair:8)
941 creatures vanquished.

Vanquished Creatures (collateral kills)
  A hydra (Lair:1)
  An iguana (Lair:5)
2 creatures vanquished.

Vanquished Creatures (others)
  A soldier ant (D:12)
  A draconian simulacrum (IceCv)
  An orc (D:9)
  A quokka (D:8)
  9 fungi
  8 plants
21 creatures vanquished.

Grand Total: 964 creatures vanquished

Notes
Turn   | Place    | Note
--------------------------------------------------------------
     0 | D:1      | wotan the Ghoul Monk began the quest for the Orb.
     0 | D:1      | Reached XP level 1. HP: 19/19 MP: 0/0
   174 | D:1      | Reached XP level 2. HP: 24/26 MP: 1/1
   458 | D:1      | Reached skill level 5 in Unarmed Combat
   734 | D:1      | Reached XP level 3. HP: 27/30 MP: 2/2
   751 | D:1      | quik: gogogog
   759 | D:1      | wotan: hey hou!
   759 | D:1      | wotan: estuve probando a ver que pasaba si iba con la robe a saco xD
   759 | D:1      | wotan: pero no parecia muy productivo
  1005 | D:2      | quik: si, pienso que con la poca int del ghoul sera mejor ir a armadura pesada
  1110 | D:2      | Noticed Natasha
  1110 | D:2      | quik: no vas a castear muchos spells
  1111 | D:2      | quik: xD
  1113 | D:2      | Noticed Robin
  1133 | D:2      | Reached XP level 4. HP: 33/37 MP: 3/3
  1140 | D:2      | Killed Natasha
  1140 | D:2      | Reached skill level 6 in Unarmed Combat
  1147 | D:2      | quik: sabes que natasha muere tres veces, no?
  1147 | D:2      | quik: y que suele tener una varita
  1147 | D:2      | wotan: si, algo asi me daba la sensacion xD
  1149 | D:2      | quik: cunde buscarla y matarla
  1151 | D:2      | quik: por la varita esa
  1187 | D:2      | quik: ademas cada vez es mas facil xD
  1191 | D:2      | Killed Robin
  1273 | D:2      | wotan: ahm
  1319 | D:2      | Reached XP level 5. HP: 41/41 MP: 4/4
  1455 | D:2      | Noticed Natasha
  1458 | D:2      | Killed Natasha
  1576 | D:2      | quik: si haces X control f olvidas el nivel
  1584 | D:2      | quik: y la puedes buscar con la o
  1604 | D:2      | Noticed Natasha
  1612 | D:2      | Killed Natasha
  1625 | D:2      | quik: no tenia varita esta vez
  1699 | D:3      | Noticed an ogre
  1712 | D:3      | quik: puedes pegarle una
  1712 | D:3      | quik: y luego hacer pillar dancing si te pega
  1712 | D:3      | quik: que es pasearlo por ahi mientras te curas
  1716 | D:3      | Killed an ogre
  1716 | D:3      | Reached skill level 7 in Unarmed Combat
  1722 | D:3      | quik: se porto bien el rng
  1722 | D:3      | quik: xD
  1725 | D:3      | wotan: xD
  1725 | D:3      | wotan: menos mal
  1743 | D:3      | Reached XP level 6. HP: 46/51 MP: 5/5
  1745 | D:3      | quik: aunque bueno, en este mapa no tenias ningun "circuito" explorado para darle vueltas
  1745 | D:3      | quik: podia ponerse complicado el asunto
  1745 | D:3      | quik: xD
  1745 | D:3      | wotan: xD
  1745 | D:3      | Noticed Jessica
  1761 | D:3      | Killed Jessica
  2085 | D:3      | quik: XD
  2086 | D:3      | quik: distortion
  2086 | D:3      | wotan: xD
  2086 | D:3      | quik: ahi estuvo la partida ya jaja
  2086 | D:3      | wotan: xD
  2086 | D:3      | wotan: bueno, en nivel 3 no se perdia mucho
  2088 | D:3      | Reached skill level 8 in Unarmed Combat
  2180 | D:3      | quik: cierto
  2180 | D:3      | quik: xD
  2284 | D:3      | Found a basalt altar of Yredelemnul.
  2852 | D:4      | quik: yred no te gusta?
  2918 | D:4      | wotan: ahora esoy a tope con makhleb xD
  2943 | D:4      | Noticed Blork the orc
  2943 | D:4      | quik: es que coger un dios pronto es una ventaja
  2948 | D:4      | quik: porque tienes la piety alta antes
  2958 | D:4      | Killed Blork the orc
  2958 | D:4      | Reached XP level 7. HP: 39/57 MP: 6/6
  2972 | D:4      | quik: y mejora tu supervivencia ahi multiplicativamente
  2972 | D:4      | quik: xD
  3001 | D:4      | Found Wuleyhup's Magic Scroll Emporium.
  3114 | D:4      | wotan: xD
  3114 | D:4      | wotan: si, ya me imagino
  3136 | D:4      | quik: bien!
  3156 | D:4      | Found a stormy altar of Qazlal.
  3175 | D:4      | Found Poxeudun's Antique Armour Emporium.
  3211 | D:4      | quik: boots!
  3212 | D:4      | wotan: aun soy pobre xD
  3212 | D:4      | quik: ah
  3240 | D:4      | quik: XD
  3304 | D:4      | Found Quekhuoc's Food Emporium.
  3361 | D:4      | quik: arre demo cantas tendas
  3372 | D:4      | Reached skill level 9 in Unarmed Combat
  3375 | D:4      | quik: y tienes una potion of beneficial mutation
  3375 | D:4      | wotan: es el marineda
  3375 | D:4      | quik: XDD
  3375 | D:4      | wotan: si, pero soy inmune a mutaciones xD
  3375 | D:4      | quik: fuck
  3378 | D:4      | Found a staircase to the Ecumenical Temple.
  3379 | D:4      | quik: que baixon
  3379 | D:4      | quik: xD
  3393 | Temple   | Entered the Ecumenical Temple
  3438 | Temple   | quik: y si no esta makhleb?
  3438 | Temple   | quik: hahaha
  3438 | Temple   | quik: hahaha no ta
  3438 | Temple   | quik: xD
  3438 | Temple   | wotan: xDD
  3438 | Temple   | wotan: pues esperaremos a que esté
  3442 | Temple   | quik: 'Q'uit?
  3444 | Temple   | quik: xD
  3450 | D:4      | quik: buf, eso ya es mucho forzar eh
  3450 | D:4      | quik: xDD
  3450 | D:4      | wotan: xD
  3739 | D:5      | Entered Level 5 of the Dungeon
  3790 | D:5      | quik: hay sewer en este nivel
  3804 | D:5      | quik: lo suyo es magic mapping e ir rapido antes de que cierre
  3805 | D:5      | wotan: nice xD
  3842 | D:5      | Found a glowing drain.
  3889 | D:5      | Reached skill level 10 in Unarmed Combat
  3902 | Sewer    | Entered a sewer
  4001 | Sewer    | Reached skill level 1 in Armour
  4038 | Sewer    | Found a white marble altar of Elyvilon.
  4076 | Sewer    | quik: luchar en agua hace que falles un % de tus ataques
  4078 | Sewer    | quik: por si no lo sabias
  4079 | Sewer    | wotan: ah vale
  4079 | Sewer    | wotan: si, alguna vez me fije que decia como que perdia el pie
  4081 | Sewer    | quik: two failure checks, one at a flat 20%, the other at 4/Dexterity. If either fails, the attack is negated.
  4082 | Sewer    | wotan: ahm
  4083 | Sewer    | wotan: supongo que no tengo ms que hacer aqui!
  4088 | Sewer    | quik: supongo que no
  4088 | Sewer    | quik: :D
  4088 | Sewer    | wotan: xD
  4090 | D:5      | quik: pociones y pergaminos hay en la sewer
  4105 | D:5      | quik: suele ser facililla, como ya habras notado
  4106 | D:5      | Reached XP level 8. HP: 63/63 MP: 7/7
  4129 | D:5      | Noticed a trapdoor spider zombie
  4130 | D:5      | wotan: pues si
  4138 | D:5      | Killed a trapdoor spider zombie
  4372 | D:5      | Noticed Pikel
  5051 | D:6      | Reached skill level 5 in Armour
  5229 | D:6      | Found a sacrificial altar of Ru.
  5435 | D:6      | Noticed Oddysee's ghost (experienced OpAs)
  5748 | D:5      | Killed Pikel
  5748 | D:5      | Reached XP level 9. HP: 52/77 MP: 8/8
  6048 | D:6      | Found a shimmering altar of Xom.
  6223 | D:7      | Found a shadowy altar of Dithmenos.
  6231 | D:7      | Noticed Prince Ribbit
  6726 | D:7      | quik: puedes coger el arco y las flechas envenenadas
  6726 | D:7      | wotan: es mejor que el blowgun?
  6736 | D:7      | quik: creo que el blowgun funciona mejor sin skill
  6736 | D:7      | wotan: ah ok
  6736 | D:7      | quik: pero no tienes blowgun, no?
  6736 | D:7      | wotan: no
  6747 | D:7      | quik: pues el arco pienso que puede servir como un blowgun pa un rato
  6747 | D:7      | quik: xD
  6747 | D:7      | wotan: xD
  6747 | D:7      | wotan: nice
  6772 | D:7      | quik: y subir bows tambien es una opcion si te apetece
  6842 | D:7      | wotan: pues si
  6842 | D:7      | wotan: vamos a darle!
  6846 | D:7      | Reached skill level 1 in Bows
  6966 | D:7      | quik: hostia ice dragon armour
  6966 | D:7      | quik: tan pronto
  6976 | D:7      | quik: que raro
  6976 | D:7      | quik: pero ojo
  6977 | D:7      | quik: que la ice dragon armour te da rF-
  6977 | D:7      | quik: y eso es pericoloso
  6977 | D:7      | wotan: mira si fue raro, que me salio al lado de donde nací xD
  7007 | D:7      | quik: pues yo no la usaria
  7011 | D:7      | quik: un bicho de fuego te cruje
  7011 | D:7      | quik: big time
  7011 | D:7      | wotan: ahm
  7011 | D:7      | quik: mira en %
  7011 | D:7      | quik: en cuanto consigas rF+ puedes usarla
  7501 | D:8      | Reached XP level 10. HP: 78/91 MP: 9/9
  7502 | D:8      | quik: que movida de nivel
  7502 | D:8      | quik: xD
  7502 | D:8      | wotan: xD
  7865 | D:8      | Found an iron altar of Okawaru.
  8230 | D:8      | Found a sparkling altar of Nemelex Xobeh.
  8385 | D:9      | Found a staircase to the Orcish Mines.
  8397 | D:9      | Found a roughly hewn altar of Beogh.
  8475 | D:9      | Found Lumuzeyn's Magic Scroll Shop.
  8591 | D:9      | Found Luinuigude's Antique Armour Boutique.
  8607 | D:9      | Bought an embroidered cloak for 162 gold pieces
  8607 | D:9      | Bought a shiny ring mail for 144 gold pieces
  8625 | D:9      | Noticed Erolcha
  8630 | D:10     | Entered Level 10 of the Dungeon
  8634 | D:9      | quik: y eso?
  8634 | D:9      | quik: xD
  8634 | D:9      | wotan: el magic mapping? xD
  8634 | D:9      | quik: si
  8634 | D:9      | wotan: es que no sabia si me cundia escapar por ahi o volver
  8652 | D:9      | Found a burning altar of Makhleb.
  8657 | D:9      | Noticed a cacodemon
  8659 | D:9      | quik: y por que te ayuda a decidir el magic mapping?
  8661 | D:9      | Noticed a smoke demon
  8663 | D:9      | quik: makhleb!
  8663 | D:9      | quik: xD
  8663 | D:9      | wotan: pues si habia una escalera par subir cerca, iba hacia a ella
  8663 | D:9      | quik: aham
  8663 | D:9      | wotan: porque al lado de por la que bajé hay un unique rojo
  8663 | D:9      | quik: interesante
  8663 | D:9      | wotan: entonces tuve miedo de que me viniera si volvia xD
  8663 | D:9      | wotan: pero bueno, al final volvi igual y no paso na
  8663 | D:9      | Became a worshipper of Makhleb the Destroyer
  8663 | D:9      | Acquired Makhleb's first power
  8663 | D:9      | Acquired Makhleb's second power
  8664 | D:9      | quik: estaba dormidito
  8664 | D:9      | quik: a ver si sigue asi y no despierta
  8664 | D:9      | quik: xD
  8664 | D:9      | wotan: xD
  8664 | D:9      | quik: porque erolcha es jodido
  8664 | D:9      | quik: xD
  8664 | D:9      | wotan: pero puede despertar si me escucha, no?
  8667 | D:9      | quik: si
  8749 | D:9      | Noticed a three-headed hydra
  8751 | D:9      | wotan: pero que hace eso ahi! xD
  8751 | D:9      | quik: es una vault
  8751 | D:9      | quik: tu cuando veas bloques blancos pon el chip de cuidado
  8751 | D:9      | quik: una vault es una zona no aleatoria
  8751 | D:9      | wotan: ah ok
  8751 | D:9      | quik: suelen tener bichos mas peligrosos y / o buen loot
  8752 | D:9      | quik: bloques blancos o zonas que no parezcan random
  8755 | D:9      | Killed a three-headed hydra
  8756 | D:9      | quik: de todas formas fijate que perdiste un turno muy importante al abrir la puerta y pegarle al kobold sin querer
  8756 | D:9      | wotan: 4 niveles de invocacion a saco
  8756 | D:9      | quik: XDD mola
  8774 | D:9      | wotan: pues si
  8803 | D:9      | Found Quxatuf's Quality Used Wands.
  8923 | D:9      | quik: te permite summonear arañas
  8924 | D:9      | quik: muy util
  8924 | D:9      | wotan: ah ok
  8924 | D:9      | quik: lo vas usando y en un momento dado se acaba y desaparece del inventario
  8924 | D:9      | wotan: ya pensaba que era el gusano asesino
  8924 | D:9      | quik: xDDD
  8929 | D:9      | quik: cuanta mas skill tienes en evocations, mas y mejores arañas te salen
  8930 | D:9      | Found Hitiq's Antique Weapon Emporium.
  8941 | D:9      | wotan: ah ok
  8981 | D:9      | quik: y conoces lasa exclusions?
  8983 | D:9      | quik: *las
  8983 | D:9      | wotan: creo que no
  9006 | D:9      | quik: por ejemplo, si haces X y luego e encima de erolcha, te pone una zona para no pasar
  9006 | D:9      | quik: asi no te metes en su LOS sin querer
  9006 | D:9      | wotan: ahm
  9006 | D:9      | wotan: ah, eso lo hace automaticamente con ciertas cosas
  9009 | D:9      | quik: si, con las estatuas y con las oklob plantas
  9010 | D:9      | quik: plants
  9027 | D:9      | quik: y mi rc lo hace con todos los uniques y con los bichos jodidos
  9028 | D:9      | quik: jajaja
  9060 | D:9      | wotan: ahm xD
  9077 | D:9      | Reached skill level 5 in Invocations
  9081 | D:9      | quik: si estas intentando poner una exclusion no estas teniendo exito
  9081 | D:9      | quik: xD
  9093 | D:9      | wotan: no, yo creo que llego a hacer lo que le pedi y me arrepiento
  9093 | D:9      | quik: XDD
  9093 | D:9      | wotan: porque el tipo iba directo a junto de ella xD
  9130 | D:9      | quik: hostia que chungos esos tiles
  9131 | D:9      | quik: marean
  9179 | D:9      | quik: hi oddysee, checking on your ghost?
  9296 | D:10     | Oddysee: lol my own ghost killed me a min ago
  9312 | D:10     | quik: lol
  9338 | D:10     | quik: it's still alive here on D:6 XD
  9340 | D:10     | Reached XP level 11. HP: 97/97 MP: 15/15
  9384 | D:10     | Oddysee: nice :)
  9481 | D:10     | Noticed a hill giant
  9732 | D:10     | Acquired Makhleb's third power
 10139 | D:11     | quik: y estoy pensando yo que con un ghoul igual puedes identificar las pociones bebiendolas
 10139 | D:11     | quik: porque las mutaciones no te afectan, y es lo mas gordo que hay
 10139 | D:11     | quik: si eso mira \-
 10139 | D:11     | quik: a ver cuales te faltan por identificar
 10139 | D:11     | quik: la de degeneration no me acuerdo que hace
 10139 | D:11     | quik: voy a mirar
 10139 | D:11     | wotan: degeneration, lignification?
 10149 | D:11     | quik: potion of degeneration temporarily reduces a random stat (strength, dexterity, or intelligence) by 1-4 points
 10162 | D:11     | quik: lignification te convierte en arbol
 10188 | D:11     | quik: pues creo que puedes probarlas
 10188 | D:11     | quik: mejor vete a un nivel seguro
 10188 | D:11     | quik: por si acaso
 10362 | D:8      | quik: ah, al ser un ghoul no te funciona la de lignification tampoco
 10362 | D:8      | wotan: pero que maravillla xD
 10362 | D:8      | quik: es que el principal motivo de no beber pociones a lo loco es mutation y cure mutation
 10362 | D:8      | quik: la primera porque te la lia y la segunda por no gastarla
 10364 | D:8      | quik: esa fue degeneration
 10364 | D:8      | quik: xD
 10364 | D:8      | wotan: ah ok xD
 10364 | D:8      | quik: ah no
 10364 | D:8      | wotan: no, mutation
 10364 | D:8      | wotan: pero como me afecta?
 10364 | D:8      | quik: cierto, cuando te mutan te quita stats temporalmente
 10364 | D:8      | quik: te bajo 2 de fuerza y 1 de int
 10364 | D:8      | wotan: ah
 10364 | D:8      | wotan: pero no tengo mutacion
 10364 | D:8      | quik: no, eres immune a mutaciones
 10371 | D:9      | quik: ya que estas puedes ir a matar a algun unique de los de arriba
 10371 | D:9      | quik: igual ya eres fuerte
 10407 | D:7      | quik: ahi estaba prince ribit
 10409 | D:7      | quik: procede con caution
 10410 | D:7      | quik: xD
 10437 | D:8      | quik: haha
 10441 | D:8      | quik: se acojono
 10509 | D:8      | quik: X control f es lo mas comodo
 10509 | D:8      | wotan: que prinao xD
 10509 | D:8      | quik: para buscarlo
 10509 | D:8      | quik: xD
 10586 | D:8      | Found an iron altar of Okawaru.
 10753 | D:8      | Found a sparkling altar of Nemelex Xobeh.
 11176 | D:8      | quik: que raro tio
 11176 | D:8      | quik: XD
 11176 | D:8      | quik: no lo has matado, no?
 11176 | D:8      | wotan: pues nada, seguro que se disfrazo de rana normal
 11176 | D:8      | quik: XDDD
 11176 | D:8      | quik: en ?: creo que sale reflejado si lo matas
 11176 | D:8      | quik: se haria invisible?
 11176 | D:8      | quik: xD
 11176 | D:8      | quik: jaja esta todo el chat en las notas
 11176 | D:8      | wotan: xD
 11176 | D:8      | quik: mas coñazo que buscar en el log
 11176 | D:8      | wotan: bueno, mañana lo busco
 11176 | D:8      | wotan: que son las dos!
 11187 | D:8      | quik: ok
 11190 | D:8      | quik: buenas noches
 11190 | D:8      | quik: xD
 11190 | D:8      | wotan: bye!
 11190 | D:8      | Upgraded the game from 0.17-a0-1262-gd250d98 to 0.17-a0-1301-ga863c44
 11314 | D:8      | Found an iron altar of Okawaru.
 11353 | D:8      | Found a sparkling altar of Nemelex Xobeh.
 11518 | D:8      | Killed Prince Ribbit
 11699 | D:6      | Found a sacrificial altar of Ru.
 11824 | D:6      | Killed Oddysee's ghost
 11824 | D:6      | Acquired Makhleb's fourth power
 12049 | D:11     | Reached skill level 11 in Unarmed Combat
 12230 | D:11     | Found a staircase to the Lair.
 12264 | D:11     | Noticed a hill giant
 12280 | D:11     | Noticed a five-headed hydra
 12303 | D:11     | Acquired Makhleb's fifth power
 12316 | Lair:1   | Entered Level 1 of the Lair of Beasts
 12397 | Lair:1   | Reached skill level 12 in Unarmed Combat
 12560 | Lair:1   | Noticed a four-headed hydra
 12567 | Lair:1   | Killed a four-headed hydra
 12840 | Lair:1   | Reached skill level 13 in Unarmed Combat
 13270 | Lair:1   | Reached XP level 12. HP: 86/103 MP: 17/17
 13562 | Lair:2   | Found a frozen archway.
 13576 | IceCv    | Entered an ice cave
 13595 | IceCv    | Reached skill level 14 in Unarmed Combat
 14157 | IceCv    | Found an ancient bone altar of Kikubaaqudgha.
 14408 | IceCv    | Reached skill level 15 in Unarmed Combat
 15122 | Lair:2   | Reached skill level 10 in Invocations
 16050 | Lair:3   | Reached XP level 13. HP: 111/111 MP: 20/20
 16518 | Lair:3   | Reached skill level 10 in Fighting
 16830 | Lair:4   | Learned a level 4 spell: Summon Ice Beast
 17195 | Lair:4   | Reached skill level 1 in Summonings
 17340 | Lair:4   | Noticed Rupert
 17653 | Lair:4   | Found a staircase to the Shoals.
 18859 | Lair:4   | Reached skill level 5 in Summonings
 19725 | Lair:5   | Found a labyrinth entrance.
 19754 | Lair:5   | Reached skill level 5 in Ice Magic
 20926 | Lair:6   | Reached skill level 10 in Armour
 21097 | Lair:6   | Found a hole to the Spider Nest.
 21508 | Lair:7   | Reached XP level 14. HP: 120/120 MP: 21/21
 21922 | Lair:7   | quik: XD
 21924 | Lair:7   | quik: yo en ascuas por tu equipo y tu aqui viciando!
 21926 | Lair:7   | wotan: xDDD
 21926 | Lair:7   | wotan: sorry!
 22020 | Lair:7   | quik: XD
 22051 | Lair:7   | quik: pf
 22052 | Lair:7   | quik: darryl impey no va
 22053 | Lair:7   | quik: empezamos bien
 22057 | Lair:7   | wotan: no me digas xD
 22057 | Lair:7   | quik: si hijo si xD
 22057 | Lair:7   | wotan: pues yo no encontraba al ligthart
 22057 | Lair:7   | wotan: será que lo estaba deletreando mal al hacer el ctrl f xDD
 22057 | Lair:7   | quik: juas
 22057 | Lair:7   | quik: hay menos imbalances de las que yo quería
 22057 | Lair:7   | quik: y con ligthart aun serían menos!
 22057 | Lair:7   | quik: xD
 22057 | Lair:7   | wotan: xD
 22155 | Lair:7   | wotan: los ghouls son inmunes a positive energy?
 22155 | Lair:7   | quik: negative energy sera
 22155 | Lair:7   | quik: mira en %
 22155 | Lair:7   | quik: positive energy creo que no existe
 22155 | Lair:7   | quik: +++ puede ser immune, si
 22155 | Lair:7   | wotan: es que los cacharros que tienen positive energy me los pone oscuros
 22155 | Lair:7   | quik: en A igual dice mas
 22155 | Lair:7   | wotan: ah vale, porque positive energy sera la resistencia a negative energy
 22155 | Lair:7   | quik: los cacharros de positive energy son rN+
 22155 | Lair:7   | quik: exactly :D
 22188 | Lair:7   | Found a viscous altar of Jiyva.
 22189 | Lair:7   | Found a staircase to the Slime Pits.
 22208 | Lair:7   | quik: cazaste al fugado al final? XD
 22215 | Lair:7   | wotan: si xD
 22215 | Lair:7   | wotan: pero aun tuve que darle dos veces mas
 22215 | Lair:7   | quik: jaja que esquivo
 22215 | Lair:7   | wotan: creo que el tema era qeu estaba en el bosquecito ese
 22215 | Lair:7   | wotan: y al no tener mucha LOS por ahi, se me escabullia
 22215 | Lair:7   | quik: ahm
 22324 | Lair:7   | quik: Earliest live video: 13:00 CET
 22331 | Lair:7   | quik: Approximate finish: 14:43 CET
 22336 | Lair:7   | quik: al loro que es horario gabachi
 22339 | Lair:7   | wotan: ahm
 22339 | Lair:7   | wotan: y rtve nada?
 22384 | Lair:7   | quik: nil
 22389 | Lair:7   | quik: voy a comprobar si eurosport va a emitir la vuelta a suiza y si la emite me pillo un mes de player
 22389 | Lair:7   | quik: xD
 22391 | Lair:7   | wotan: ah, si, ya lei antes
 22391 | Lair:7   | wotan: pues pensaba que dauphine la tendria rtve, al ser rollo aso
 22391 | Lair:7   | quik: ah, ya te habia contado la conclusion? no me acordaba xD
 22391 | Lair:7   | wotan: pues a ver que tal eurosport web xD
 22391 | Lair:7   | quik: pues segun eltiodelmazo no
 22391 | Lair:7   | quik: voy a comprobar, no vaya a ser
 22391 | Lair:7   | quik: xD
 22420 | Lair:7   | quik: superbikes, apparently
 22621 | Lair:7   | wotan: pues nada
 22973 | Lair:8   | Entered Level 8 of the Lair of Beasts
 22980 | Lair:8   | quik: ayer jugue un ratito una naga en comborobin
 22982 | Lair:8   | quik: son lentas pero son fuertes y escupen veneno
 22997 | Lair:8   | quik: es como jugar cheibriados
 22997 | Lair:8   | quik: xD
 23011 | Lair:8   | wotan: ahm
 23011 | Lair:8   | wotan: pues imaginate un naga de cheibriados!
 23011 | Lair:8   | wotan: xD
 23014 | Lair:8   | quik: jajaja pues si
 23180 | Lair:8   | wotan: esto será bueno? xD
 23180 | Lair:8   | wotan: salvo que no puedo aprovechar el berserkeamiento
 23201 | Lair:8   | quik: perdona estaba afk
 23202 | Lair:8   | quik: random berserker siempre malo
 23202 | Lair:8   | wotan: no, pero el ghoul no puede volverse berserk
 23202 | Lair:8   | quik: jajajaja
 23202 | Lair:8   | quik: joooder
 23202 | Lair:8   | quik: pues entonces es un buen amuleto
 23202 | Lair:8   | wotan: pues pal cuello!
 23204 | Lair:8   | quik: el problema es que se cursea
 23209 | Lair:8   | quik: si en algun momento necesitas cambiar amuletos, tenlo en cuenta
 23224 | Lair:8   | quik: y ojo tambien con bichos que draineen int
 23231 | Lair:8   | wotan: y asi? xD
 23857 | Lair:8   | quik: afk otra vez
 23858 | Lair:8   | quik: xD
 23859 | Lair:8   | quik: que era?
 23859 | Lair:8   | wotan: me puse un ring of the Mage
 23859 | Lair:8   | quik: bien
 23859 | Lair:8   | wotan: que me da inteligencia, compensa al otro xD
 23863 | Lair:8   | quik: ojo con el rF-
 23864 | Lair:8   | quik: summon ice beast!
 23865 | Lair:8   | wotan: al 47%! xD
 23865 | Lair:8   | quik: oeoeo xD
 23901 | Lair:8   | Reached skill level 16 in Unarmed Combat
 23931 | Lair:8   | Reached XP level 15. HP: 115/123 MP: 22/22
 24332 | Lair:8   | wotan: que hechizos decias que valian la pena?
 24963 | D:11     | Killed a five-headed hydra
 25094 | D:11     | quik: ando haciendo la comida, perdona xD
 25094 | D:11     | quik: veamos
 25116 | D:11     | Noticed Maurice
 25118 | D:11     | Killed a hill giant
 25121 | D:11     | Noticed Maud
 25124 | D:11     | quik: blink, apportation, repel missiles!, regeneration, control teleport, summon butterflies, swiftness
 25127 | D:11     | Killed Maurice
 25143 | D:11     | Killed Maud
 25387 | D:11     | wotan: pues creo que no hay nada de eso
 25387 | D:11     | wotan: pero bueno, poria medio especializarme en summonear, no?
 25387 | D:11     | wotan: parece que los tengo todos mas o menos al alcance
 25387 | D:11     | quik: si te apetece, puedes
 25387 | D:11     | wotan: guardian golem!
 25387 | D:11     | wotan: eso suena muy fuerte
 25387 | D:11     | wotan: xD
 25387 | D:11     | quik: jaja pues si
 25387 | D:11     | quik: recall es util si tienes summons
 25387 | D:11     | quik: para llamarlos a tu vera
 25387 | D:11     | wotan: pero no lo tengo, no?
 25387 | D:11     | quik: pero bueno, los primeros spells de summonings que tienes ahi no te molestes
 25387 | D:11     | quik: son muy debiles ya
 25387 | D:11     | wotan: ah ok
 25387 | D:11     | quik: no, parece que no lo tienes
 25562 | D:11     | Noticed Nergalle
 25582 | D:11     | Killed Nergalle
 25651 | D:11     | Noticed Fannar
 25656 | D:11     | wotan: vaya fiesta de uniques
 25660 | D:11     | quik: XDD ya te digo
 25695 | D:11     | Killed Fannar
 26065 | D:11     | Reached skill level 17 in Unarmed Combat
 26583 | D:12     | Learned a level 3 spell: Summon Guardian Golem
 26641 | D:12     | Noticed Psyche
 26648 | D:12     | Killed Psyche
 26920 | D:12     | Noticed Azrael
 26930 | D:12     | quik: mira ahora el % de los spells
 26930 | D:12     | quik: xD
 26930 | D:12     | quik: XDD
 26930 | D:12     | wotan: xDD
 26930 | D:12     | wotan: vaya anillo
 26947 | D:12     | Killed Azrael
 27230 | D:12     | Noticed Snorg
 27232 | D:12     | quik: our friend!
 27232 | D:12     | quik: xD
 27232 | D:12     | wotan: maldito!
 27232 | D:12     | wotan: se va a llevar dos flechazos
 27234 | D:12     | quik: xDD
 27247 | D:12     | quik: xDD
 27247 | D:12     | quik: no hemos aprendido nada?
 27247 | D:12     | quik: xD
 27247 | D:12     | wotan: ahora tendre que huir!
 27247 | D:12     | quik: es mas rapido que tu
 27247 | D:12     | wotan: teleport!
 27247 | D:12     | wotan: o blink
 27247 | D:12     | quik: la proxima vez bufate antes hombre
 27247 | D:12     | quik: xD
 27247 | D:12     | wotan: xD
 27247 | D:12     | wotan: tiene razon
 27249 | D:12     | Killed Snorg
 27608 | D:12     | Noticed Frances
 27609 | D:12     | wotan: este estaba escondido
 27609 | D:12     | quik: jaja
 27609 | D:12     | quik: acechando
 27609 | D:12     | quik: yo creo que con bufos lo matas
 27609 | D:12     | quik: pero puedo estar equivocado
 27609 | D:12     | quik: xD
 27609 | D:12     | wotan: gasto la de haste que tengo?
 27609 | D:12     | wotan: o voy por might?
 27609 | D:12     | quik: yo la gastaria, si, incluso una de might tambien
 27617 | D:12     | Killed Frances
 27635 | D:12     | quik: bueno, igual me he pasado
 27635 | D:12     | quik: quien sabe
 27635 | D:12     | quik: xD
 27646 | D:12     | wotan: xD
 27646 | D:12     | wotan: bueno, está bien
 27837 | D:12     | Reached skill level 18 in Unarmed Combat
 28057 | Orc:1    | Entered Level 1 of the Orcish Mines
 28057 | Orc:1    | Found Huoni's Assorted Antiques.
 28095 | D:9      | Killed Erolcha
 28800 | Orc:2    | HP: 3/126 [orc warlord/uncursed great sword of electrocution (16)]
 28801 | Orc:2    | Demolished by an orc warlord

Vault maps used:
D:1:      lightli_arrival_statue_moat, due_unseen_surprise
D:2:      minmay_misc_feat_four_crosses, uniq_robin, uniq_natasha
D:3:      yredelemnul_forgotten_temple_becter, first_bread,
          kennysheep_generic_room_6, uniq_jessica
D:4:      lemuel_doored_altar, minmay_temple_entry_trees, serial_shops,
          nicolae_shop_stone, shop, shop, serial_bayou_pond_d,
          uniq_blork_the_orc
D:5:      gup_sewer_entry_glass, kennysheep_generic_room_10, uniq_pikel
D:6:      tgw_xom, dk_vineyard_2, nicolae_ru_awakened_eye
D:7:      nicolae_overflow_hidden_temple, uniq_prince_ribbit1
D:8:      wad_woods_pond, nemelex_deck, okawaru_ov_weapons_minmay
D:9:      minmay_distorted_concentric_squares, makhleb_altar_promises_db,
          minmay_orc_entry_temple_small, serial_shops, shop,
          nicolae_shop_behind_doors, shop_statue, hangedman_ranch,
          serial_bayou_lagoon_a, nicolae_for_you_no_charge, uniq_erolcha
D:11:     grunt_lair_entry_elf_guard_hut, uniq_nergalle, uniq_fannar,
          uniq_maurice, uniq_maud
D:12:     uniq_snorg, uniq_azrael, uniq_psyche, uniq_frances
Temple:   circular_temple_13
Lair:1:   beast_lair_carwin_4
Lair:2:   portal_ice_cave_entry_pillars_01, grunt_megastairs_2
Lair:3:   infiniplex_staircase_pool_2, lemuel_fruit_fields
Lair:4:   minmay_shoals_entry_beasts, minmay_holes, serial_bayou_shore_a,
          lemuel_fruit_tree, serial_bayou_shore_b, uniq_rupert
Lair:5:   lab_entry_generic, bobbens_ice_dragon_lair
Lair:6:   spider_nest_entry_rubble, minivault_19
Lair:7:   slime_altar_1
Lair:8:   minmay_lair_end_enchanted_forest, minivault_25, lemuel_fruit_fields
Orc:1:    serial_shops, shop_statue
Sewer:    sewer_kobolds
IceCv:    ice_cave_small_necro

Action                   |  1- 3 |  4- 6 |  7- 9 | 10-12 | 13-15 || total
-------------------------+-------+-------+-------+-------+-------++-------
Melee: Unarmed           |   152 |   175 |   452 |  1215 |  1760 ||  3754
 Fire: Shortbow          |       |       |       |     2 |     7 ||     9
       Blowgun           |       |       |       |     1 |       ||     1
Throw: Stone             |       |     6 |       |     1 |       ||     7
 Cast: Summon Ice Beast  |       |       |       |       |     1 ||     1
Invok: Lesser Servant of |       |       |       |     1 |     3 ||     4
       Minor Destruction |       |       |       |     2 |       ||     2
       Major Destruction |       |       |       |       |     1 ||     1
Evoke: Wand              |       |       |       |       |    16 ||    16
  Use: Scroll            |       |    13 |    10 |     9 |    17 ||    49
       Potion            |       |       |     2 |     7 |     5 ||    14
 Stab: Invisible         |       |       |     1 |       |       ||     1
       Distracted        |       |       |       |     1 |       ||     1
       Sleeping          |       |       |       |     1 |     7 ||     8
       Fleeing           |       |       |       |       |     1 ||     1
  Eat: Chunk             |     2 |    15 |    25 |    53 |    93 ||   188
       Meat ration       |       |       |       |     1 |       ||     1
